 Dungeon Crawl Stone Soup version 0.30.0-19-g36f170ea60 (webtiles) character file.

Game seed: 14535456926712281272

2961 dddddddddddddddddddd the Fighter (level 9, -2/124 (127) HPs)
             Began as a Demonspawn Berserker on May 27, 2023.
             Was a Follower of Trog.
             Succumbed to a kobold brigand's poison
             ... on level 6 of the Dungeon.
             The game lasted 00:23:59 (7568 turns).

dddddddddddddddddddd the Fighter (DsBe)             Turns: 7568, Time: 00:24:00

HP:   -2/124 (127)  AC: 19    Str: 23    XL:     9   Next: 52%
MP:   9/9           EV: 11    Int:  8    God:    Trog [*.....]
Gold: 348           SH:  0    Dex: 12    Spells: 8/8 levels left

rFire   + . .        a - +0 hand axe
rCold   . . .        (no shield)
rNeg    . . .        A - +0 ring mail
rPois   .            (helmet restricted)
rElec   .            g - +1 cloak
rCorr   .            B - +2 pair of gloves
SInv    .            (no boots)
Will    ++...        u - amulet of the acrobat Stlth
                     e - ring of protection from fire
HPRegen 1.40/turn    (no ring)
MPRegen 0.11/turn

%: acrobat
@: berserking, lethally poisoned (-2 -> -23), strong-willed, sanguine armoured,
regenerating, lightly drained, very quick
A: antennae 2, powered by death 2, sanguine armour 2
a: Renounce Religion, Berserk


You were on level 6 of the Dungeon.
You worshipped Trog.
Trog was aware of your devotion.
You visited 1 branch of the dungeon, and saw 7 of its levels.

You collected 348 gold pieces.

Inventory:

Hand Weapons
 a - a +0 hand axe (weapon)
 b - a +6 heavy battleaxe
Armour
 g - a +1 cloak (worn)
 A - a +0 ring mail (worn)
 B - a +2 pair of gloves (worn)
Jewellery
 e - a ring of protection from fire (left hand)
 l - a ring of positive energy
 q - a ring of magical power
 r - an amulet of magic regeneration
 u - an amulet of the acrobat (around neck)
Scrolls
 c - 2 scrolls of poison
 j - 2 scrolls of noise
 k - 2 scrolls of fog
 x - 3 scrolls of teleportation
 z - a scroll of enchant weapon
Potions
 d - 3 potions of heal wounds {unknown}
 f - 2 potions of degeneration {unknown}
 h - a potion of resistance {unknown}
 i - a potion of haste {unknown}
 m - 3 potions of curing {unknown}
 n - 4 potions of lignification {unknown}
 o - a potion of brilliance {unknown}
 p - a potion of attraction {unknown}
 s - a potion of magic {unknown}
 t - a potion of flight {unknown}
 w - a potion of ambrosia {unknown}


   Skills:
 * Level 13.5 Fighting
 - Level 2.6 Axes
 - Level 1.7 Armour
 - Level 1.7 Dodging


You had 8 spell levels left.
You didn't know any spells.
Your spell library contained the following spells:

 Spells                   Type           Power      Damage    Failure   Level
 Kiss of Death            Conj/Necr      0%         2d5       56%         1
 Confusing Touch          Hex            0%         N/A       90%         3
 Dispel Undead            Necr           0%         3d6       100%        4


Dungeon Overview and Level Annotations

Branches:
Dungeon (7/15)             Temple (0/1) D:4

Altars:
Ashenzari
Ru
Trog

Shops:
D:5 *


Innate Abilities, Weirdness & Mutations

You have a pair of antennae on your head.
You regenerate health from kills.
When seriously injured, your blood forms thick armour. (AC +9)


Message History

You are more poisoned.
The kobold brigand hits you with a +2 short sword of venom.
You are lethally poisoned!
Your skin crawls.
You feel strong-willed.
You feel extremely sick.
The kobold brigand hits you with a +2 short sword of venom.
* * * LOW HITPOINT WARNING * * *
You are lethally poisoned!
A red film seems to cover your vision as you go berserk!
You feel yourself moving faster!
You feel mighty!
You can no longer call upon Trog for regeneration and willpower.
* * * LOW HITPOINT WARNING * * *
You feel extremely sick.
The kobold brigand hits you but does no damage.
You barely miss the kobold brigand.
The kobold brigand is moderately wounded.
You feel very sick.
You miss the kobold brigand.
The kobold brigand is moderately wounded.
You feel very sick.
The kobold brigand hits you with a +2 short sword of venom.
* * * LOW HITPOINT WARNING * * *
You are lethally poisoned!
You barely miss the kobold brigand.
The kobold brigand is moderately wounded.
* * * LOW HITPOINT WARNING * * *
You feel extremely sick. The kobold brigand closely misses you.
You slash the kobold brigand!
The kobold brigand is heavily wounded.
* * * LOW HITPOINT WARNING * * *
You feel very sick.
The kobold brigand hits you with a +2 short sword of venom.
* * * LOW HITPOINT WARNING * * *
You are more poisoned.
You are too berserk!
You closely miss the kobold brigand.
The kobold brigand is heavily wounded.
You die...

##.............#.........
#.......................
#######.#........)......
### #.#.......##......
##.####.....)..##......
###...#..........##....##
#..............#...)[....
##......##....##...))....
#......K@)........))#....
##......#................
#.....##................
##..#..#....#.....###...
#####...#....#...#####.
#..........#.....###.
###.............##...
####.....^..##.....
##.......###....


You could see a kobold brigand.

Vanquished Creatures
  An unseen horror (D:6)
  A komodo dragon (D:6)
  A troll (D:6)
  Prince Ribbit (D:6)
  Sigmund (D:4)
  A yak (D:6)
  2 water moccasins (D:6)
  A sky beast (D:6)
  2 ice beasts (D:6)
  2 ogres
  3 centaurs
  Blork the orc (D:6)
  The ghost of Kamelo the Gusty, an amateur TeAE (D:3)
  A kobold brigand (D:6)
  A howler monkey (D:6)
  2 bullfrog zombies (D:3)
  Crazy Yiuf (D:6)
  3 hounds
  3 iguanas
  A sleepcap (D:5)
  Natasha (thrice) (D:2)
  A killer bee zombie (D:3)
  A howler monkey zombie (D:3)
  3 gnolls (D:3)
  6 adders
  A white imp (D:6)
  4 worms
  2 dart slugs
  2 orcs (D:4)
  6 endoplasms
  2 giant cockroaches (D:4)
  6 goblins
  6 hobgoblins
  7 jackals
  18 kobolds
  3 quokkas
  5 ball pythons
  7 bats
  5 frilled lizards
  11 rats
129 creatures vanquished.

Notes
Turn   | Place    | Note
-------+----------+-------------------------------------------
     0 | D:1      | dddddddddddddddddddd the Demonspawn Berserker began the
                  | quest for the Orb.
     0 | D:1      | Reached XP level 1. HP: 18/18 MP: 1/1
   209 | D:1      | Gained mutation: You regenerate a little health from kills.
                  | [demonic ancestry]
   209 | D:1      | Reached XP level 2. HP: 24/24 MP: 2/2
   492 | D:1      | You fall into a shaft and drop 1 floor!
   553 | D:1      | Reached skill level 4 in Fighting
  1123 | D:2      | Gained mutation: You have a pair of small antennae on your
                  | head. [demonic ancestry]
  1123 | D:2      | Reached XP level 3. HP: 30/30 MP: 3/3
  1156 | D:2      | Reached ** piety under Trog
  1209 | D:2      | Noticed Natasha
  1219 | D:2      | Killed Natasha
  1220 | D:2      | Reached skill level 5 in Fighting
  1220 | D:2      | Reached XP level 4. HP: 17/39 MP: 4/4
  1356 | D:2      | Noticed Natasha
  1367 | D:2      | Killed Natasha
  1460 | D:2      | Noticed Natasha
  1467 | D:2      | Killed Natasha
  1754 | D:2      | Reached XP level 5. HP: 19/46 MP: 5/5
  2179 | D:3      | Found a runed translucent gate.
  2179 | D:3      | Found a runed translucent gate.
  2180 | D:3      | Found a runed translucent gate.
  2223 | D:3      | Noticed Kamelo's ghost (amateur TeAE)
  2327 | D:3      | Reached skill level 6 in Fighting
  2441 | D:3      | Identified the +4 quarterstaff "Xagiz" {flame, Dex+5}
  2474 | D:3      | Found a sacrificial altar of Ru.
  3195 | D:3      | Gained mutation: When seriously injured, your blood forms
                  | armour. (AC +9) [demonic ancestry]
  3195 | D:3      | Reached XP level 6. HP: 53/53 MP: 6/6
  3204 | D:3      | Killed Kamelo's ghost
  3205 | D:3      | Reached skill level 7 in Fighting
  3588 | D:4      | Found a staircase to the Ecumenical Temple.
  3633 | D:4      | Noticed Sigmund
  4046 | D:4      | Found a broken altar of Ashenzari.
  4111 | D:4      | Killed Sigmund
  4112 | D:4      | Reached skill level 8 in Fighting
  4112 | D:4      | Gained mutation: You regenerate health from kills. [demonic
                  | ancestry]
  4112 | D:4      | Reached XP level 7. HP: 36/63 MP: 7/7
  4612 | D:5      | Entered Level 5 of the Dungeon
  4828 | D:5      | Found a bloodstained altar of Trog.
  4942 | D:5      | Reached skill level 9 in Fighting
  5358 | D:5      | Found Refegetuapp's Lightly-Used Armoury.
  5611 | D:6      | Reached skill level 10 in Fighting
  5611 | D:6      | Gained mutation: You have a pair of antennae on your head.
                  | [demonic ancestry]
  5611 | D:6      | Reached XP level 8. HP: 57/72 MP: 8/8
  5955 | D:6      | Noticed Blork the orc
  5964 | D:6      | Killed Blork the orc
  5970 | D:6      | Reached skill level 11 in Fighting
  6085 | D:6      | Noticed Prince Ribbit
  6108 | D:6      | Killed Prince Ribbit
  6436 | D:6      | Found a runed translucent door.
  6438 | D:6      | Noticed Crazy Yiuf
  6554 | D:6      | Noticed a komodo dragon
  6572 | D:6      | HP: 5/114 [komodo dragon (11)]
  6573 | D:6      | Killed a komodo dragon
  6574 | D:6      | Reached skill level 12 in Fighting
  6574 | D:6      | Gained mutation: When seriously injured, your blood forms
                  | thick armour. (AC +9) [demonic ancestry]
  6574 | D:6      | Reached XP level 9. HP: 6/82 MP: 9/9
  6848 | D:6      | Killed an unseen horror
  7033 | D:6      | Noticed a troll
  7042 | D:6      | Killed a troll
  7043 | D:6      | Reached skill level 13 in Fighting
  7323 | D:6      | Killed Crazy Yiuf
  7567 | D:6      | HP: 4/124 [poisoned by a kobold brigand]
  7568 | D:6      | Succumbed to a kobold brigand's poison

Illustrated notes

Levels and vault maps discovered:
D:1:      lightli_arrival_flooded_house, layout_basic,
          hangedman_decor_slide_cut, kennysheep_minor_cross, minmay_pentomino_x4
D:2:      layout_loops_ring, uniq_natasha
D:3:      layout_basic, mainiacjoe_overflow_cross_hatched,
          gammafunk_ghost_necromancy
D:4:      layout_basic, nicolae_ashenzari_skybound, minmay_temple_entry_trees,
          uniq_sigmund
D:5:      layout_basic, marbit_many_paths, minmay_shop_damaged,
          nicolae_concentric_dashed_squares_mild
D:6:      layout_cave_pools, serial_bayou_pond_d, kb_rosetta,
          uniq_blork_the_orc, uniq_crazy_yiuf_cottage, uniq_prince_ribbit1
D:7:      layout_loops_corners

Skill      XL: |  1  2  3  4  5  6  7  8  9 |
---------------+----------------------------+-----
Fighting       | 4 5 6 8 10 12 13 | 13.5
Axes           | |  2.6
Armour         | |  1.7
Dodging        | |  1.7

Action                     |  1- 3 |  4- 6 |  7- 9 || total
---------------------------+-------+-------+-------++-------
  Melee: Hand axe          |    88 |   218 |   242 ||   548
         Punch             |       |     4 |       ||     4
 Invoke: Berserk           |     2 |     6 |    13 ||    21
         Trog's Hand       |       |     3 |     4 ||     7
    Use: Scroll            |     2 |     3 |     2 ||     7
   Stab: Sleeping          |     3 |     1 |       ||     4
 Armour: Animal skin       |    22 |    29 |       ||    51
         Leather armour    |       |    21 |    44 ||    65
         Ring mail         |       |       |    68 ||    68
  Dodge: Dodged            |    70 |   117 |   173 ||   360
